 Dungeon Crawl Stone Soup version 0.28.0-62-gf88900778d (webtiles) character file.

Game seed: 1185626707055954816

42 Nonny the Conjurer (level 3, -6/19 HPs)
             Began as a Deep Elf Conjurer on Apr 14, 2023.
             Mangled by Sigmund
             ... wielding a +0 scythe
              (10 damage)
             ... on level 2 of the Dungeon.
             The game lasted 00:09:03 (1075 turns).

Nonny the Conjurer (Deep Elf Conjurer)              Turns: 1075, Time: 00:09:03

Health: -6/19      AC:  3    Str:  4    XL:     3   Next: 33%
Magic:  4/10       EV: 12    Int: 24    God:
Gold:   24         SH:  0    Dex: 13    Spells: 7/10 levels left

rFire   . . .      SeeInvis .   b - +0 dagger (protect)
rCold   . . .      Faith    .   (no shield)
rNeg    . . .      Spirit   .   a - +0 robe
rPois   .          Reflect  .   (no helmet)
rElec   .          Harm     .   (no cloak)
rCorr   .          Rampage  .   (no gloves)
Will    .....                   c - +0 pair of boots
Stlth   ++........              (no amulet)
HPRegen 0.06/turn               (no ring)
MPRegen 0.12/turn               (no ring)

@: no status effects
A: no striking features
a: no special abilities


You were on level 2 of the Dungeon.
You visited 1 branch of the dungeon, and saw 2 of its levels.

You collected 24 gold pieces.

Inventory:

Hand Weapons
 b - a +0 dagger of protection (weapon)
 f - a +0 rapier
Missiles
 d - 5 poisoned darts
 g - 3 javelins
Armour
 a - a +0 robe (worn)
 c - a +0 pair of boots (worn)
Scrolls
 e - 2 scrolls of identify {unknown}
 h - a scroll of amnesia {unknown}


   Skills:
 - Level 2.4 Dodging
 + Level 3.9 Stealth
 + Level 4.2 Spellcasting
 - Level 4.3 Conjurations


You had 7 spell levels left.
You knew the following spells:

 Your Spells              Type           Power      Damage    Failure   Level
a - Magic Dart            Conj           100%       1d8       1%          1
b - Searing Ray           Conj           52%        2d6       2%          2

Your spell library contained the following spells:

 Spells                   Type           Power      Damage    Failure   Level
 Dazzling Flash           Conj/Hex       30%        N/A       12%         3
 Confusing Touch          Hex            5%         N/A       28%         3
 Fulminant Prism          Conj/Hex       7%         3d7       36%         4
 Iskenderun's Mystic Bla  Conj/Tloc      15%        2d5       36%         4
 Yara's Violent Unravell  Hex/Tmut       2%         3d3       95%         5
 Enfeeble                 Hex            2%         N/A       100%        7


Dungeon Overview and Level Annotations

Branches:
Dungeon (2/15)

Altars:

Annotations:
D:2 Sigmund


Message History

Sigmund barely misses you.
The searing ray hits Sigmund!
Sigmund is severely wounded.
You finish channelling your searing ray.
Casting: Searing Ray (safe; 2% risk of failure)
Confirm with . or Enter, or press ? or * to list all spells.
Aiming: Searing Ray (safe; 2% risk of failure)
Press: ? - help, Shift-Dir - straight line, f/p - Sigmund
Aim: Sigmund, wielding a +0 scythe and wearing a +0 robe (severely wounded, 77% to hit)
The searing ray hits Sigmund.
Sigmund is almost dead. (Press . to maintain the ray.) Sigmund points at you and mumbles some strange words.
You are confused.
Sigmund completely misses you.
Unknown command.
You aren't carrying any potions.
You are too confused!
Unknown command.
You bump into the rock wall.
Sigmund hits you from afar with a +0 scythe!
Ouch! That really hurt!
You bump into the rock wall.
You bump into the rock wall.
Sigmund gestures wildly while chanting.
Sigmund flickers and vanishes!
Deactivating autopickup; reactivate with Ctrl-A.
Unknown command.
You bump into the rock wall.
A magic dart appears from out of thin air!
The magic dart hits you.
* * * LOW HITPOINT WARNING * * *
Unknown command.
You bump into the rock wall.
You feel less confused. Something barely misses you.
Unknown command.
Something hits you!
Ouch! That really hurt!
You die...

##################
#.................
#.################
#.# #.# #@########
#.........
###{....## .....#
.....# .....#
##.### .# ..


There were no monsters in sight!

Vanquished Creatures
  2 worms (D:2)
  2 dart slugs (D:1)
  4 endoplasms (D:1)
  3 giant cockroaches (D:1)
  3 hobgoblins (D:1)
  2 ball pythons (D:1)
  6 bats
  2 frilled lizards (D:1)
  3 goblins (D:1)
  3 rats (D:1)
30 creatures vanquished.

Notes
Turn   | Place    | Note
-------+----------+-------------------------------------------
     0 | D:1      | Nonny the Deep Elf Conjurer began the quest for the Orb.
     0 | D:1      | Reached XP level 1. HP: 10/10 MP: 6/6
    25 | D:1      | Starting vault: Two layer rectangles
   157 | D:1      | Reached XP level 2. HP: 13/15 MP: 0/8
   191 | D:1      | Learned a level 2 spell: Searing Ray
   373 | D:1      | Book of Misfortune in northwest.
   634 | D:1      | Reached XP level 3. HP: 17/19 MP: 1/10
   687 | D:1      | 4chamb floor, but southeast is covered by a fractal pattern
                  | vault.
  1060 | D:2      | Noticed Sigmund
  1075 | D:2      | Mangled by Sigmund

Illustrated notes #.# # #####.###.# .......... #...... #...# ######'#.# #......'.# #.####'### #.#..#@# #.'.<'.# #.#..#.# #.####.# #......# ######## Turn 25 on D:1: Starting vault: Two layer rectangles ## #. ###########. #........##. #.######.##. #.##........ ############..#.###.##. #.....@.........# #.##. #.#########.....# #.##. ##...####.### #........# ##.####### ## #.# .## ##+## .. ##...## #.##.....## ## Turn 373 on D:1: Book of Misfortune in northwest.

#.##.##...##
#.##.#.....############
####.#..##...............#
#........................#
#.#.....#...#.#...#......#
####.#).....#.#...#.#..†...†#
#........#...#.....#...#....#
...(......#..#..†..#..#.....#
#.##...#...###..@..###...#..#
#†##....#..#..#...#..#..#...#####
#........###...#.#...###........#
........#...#...#...#...#...###.#
#......#.....#..#..#.....#.## #.#
..............#####.........# #.#
##.##..#.....#..#..#..)†.#..###.#
#..##...#...#...#...#...#.......#
#.###....###...#.#...###....#####


Turn 687 on D:1: 4chamb floor, but southeast is covered by a fractal pattern
vault.

Levels and vault maps discovered:
D:1:      ncdulo_smallfort, layout_loops_corners, minmay_splitting_lines
D:2:      layout_basic, uniq_terence, uniq_sigmund

Skill      XL: |  1  2 |
---------------+-------+-----
Stealth        | 3 |  3.9
Spellcasting   | 4 |  4.2
Dodging        | |  2.4
Conjurations   | |  4.3

Action                   || total
-------------------------++-------
Melee: Dagger            ||     5
 Cast: Magic Dart        ||    42
       Searing Ray       ||     6
Armor: Robe              ||     1
Dodge: Dodged            ||    10
